 Seeded DCSS version 0.28.0-62-gf88900778d (webtiles) character file.

Game seed: 13591998346360536447 (custom seed)

6 Psyclone the Conjurer (level 1, 0/13 HPs)
             Began as a Gnoll Conjurer on Oct 25, 2023.
             Slain by a giant cockroach (1 damage)
             ... on level 2 of the Dungeon.
             The game lasted 00:00:26 (131 turns).

Psyclone the Conjurer (Gnoll Conjurer)               Turns: 131, Time: 00:00:27

Health: 0/13       AC:  2    Str:  6    XL:     1   Next: 90%
Magic:  6/6        EV: 14    Int: 21    God:
Gold:   14         SH:  0    Dex: 16    Spells: 8/9 levels left

rFire   . . .      SeeInvis .   (no weapon)
rCold   . . .      Faith    .   (no shield)
rNeg    . . .      Spirit   .   a - +0 robe
rPois   +          Reflect  .   (no helmet)
rElec   .          Harm     .   (no cloak)
rCorr   .          Rampage  .   (no gloves)
Will    .....                   (no boots)
Stlth   +++.......              (no amulet)
HPRegen 0.04/turn               b - ring "Fararghai" {*Slow rPois Int+4 Dex+6}
MPRegen 0.10/turn               (no ring)

@: no status effects
A: fangs 1, strong nose, distributed training
a: no special abilities


You were on level 2 of the Dungeon.
You visited 1 branch of the dungeon, and saw 2 of its levels.

You collected 14 gold pieces.

Inventory:

Armour
 a - a +0 robe (worn)
Jewellery
 b - the ring "Fararghai" (left hand) {*Slow rPois Int+4 Dex+6}
   (You acquired it on level 2 of the Dungeon)

   [ring of dexterity]

   Int:       It affects your intelligence (+4).
   Dex:       It affects your dexterity (+6).
   rPois:     It protects you from poison.
   *Slow:     It may slow you when you take damage.


   Skills:
 + Level 0.2 Fighting
 + Level 0.2 Short Blades
 + Level 0.2 Long Blades
 + Level 0.2 Axes
 + Level 0.2 Maces & Flails
 + Level 0.2 Polearms
 + Level 0.2 Staves
 + Level 0.2 Slings
 + Level 0.2 Bows
 + Level 0.2 Crossbows
 + Level 0.2 Throwing
 + Level 0.2 Armour
 + Level 4.4 Dodging
 + Level 4.0 Stealth
 + Level 0.2 Shields
 + Level 0.2 Unarmed Combat
 + Level 4.9 Spellcasting
 + Level 7.0 Conjurations
 + Level 0.1 Hexes
 + Level 0.1 Summonings
 + Level 0.1 Necromancy
 + Level 0.1 Translocations
 + Level 0.1 Transmutations
 + Level 0.1 Fire Magic
 + Level 0.1 Ice Magic
 + Level 0.1 Air Magic
 + Level 0.1 Earth Magic
 + Level 0.1 Poison Magic
 + Level 0.3 Invocations
 + Level 0.2 Evocations


You had 8 spell levels left.
You knew the following spells:

 Your Spells              Type           Power      Damage    Failure   Level
a - Magic Dart            Conj           100%       1d8       1%          1

Your spell library contained the following spells:

 Spells                   Type           Power      Damage    Failure   Level
 Searing Ray              Conj           68%        2d6       1%          2
 Dazzling Flash           Conj/Hex       40%        N/A       8%          3
 Fulminant Prism          Conj/Hex       10%        3d9       24%         4
 Iskenderun's Mystic Bla  Conj/Tloc      20%        2d6       24%         4


Dungeon Overview and Level Annotations

Branches:
Dungeon (2/15)

Altars:


Innate Abilities, Weirdness & Mutations

You have very sharp teeth.
Your uncanny sense of smell can sniff out nearby items.
Your experience applies equally to all skills.


Message History

You climb downwards.
Found a scroll labelled TEV ESUOMEQO.
There is a stone staircase leading up here.
b - a scroll labelled TEV ESUOMEQO This is a scroll of acquirement!
Something appears at your feet!
You feel agile.
You feel clever.
b - the ring "Fararghai" (left hand) {*Slow rPois Int+4 Dex+6} A frilled lizard comes into view.
A giant cockroach comes into view.
The giant cockroach bites you.
You take 1 damage, and have 12/13 hp.
The giant cockroach misses you.
The giant cockroach bites you but does no damage.
The giant cockroach bites you.
You take 1 damage, and have 11/13 hp.
The frilled lizard hisses angrily.
The giant cockroach closely misses you. The giant cockroach barely misses you.
The frilled lizard barely misses you. The giant cockroach closely misses you.
The giant cockroach closely misses you. The frilled lizard closely misses you.
The giant cockroach closely misses you. The frilled lizard bites you.
You take 2 damage, and have 9/13 hp.
The giant cockroach bites you. The frilled lizard bites you.
You take 3 damage, and have 6/13 hp.
MASSIVE DAMAGE!!
The giant cockroach closely misses you. The frilled lizard closely misses you.
The giant cockroach barely misses you. The frilled lizard bites you.
The giant cockroach closely misses you.
You take 2 damage, and have 5/13 hp.
The giant cockroach completely misses you.
The frilled lizard completely misses you.
The giant cockroach misses you. The frilled lizard misses you.
The giant cockroach closely misses you. The frilled lizard misses you.
The giant cockroach misses you.
The frilled lizard completely misses you.
The giant cockroach bites you.
* * * LOW HITPOINT WARNING * * *
You take 2 damage, and have 3/13 hp.
The frilled lizard bites you.
* * * LOW HITPOINT WARNING * * *
The giant cockroach bites you.
You die...

# .# . .#
### .###.#
... ..#.#
... #.#.#
#.##.#.#
#.....#
##.l@.#
#..B.##
#.##.#####
# #.#...##
#......##
#.......#
#.......#
#.......#
##.....##


You could see a giant cockroach and a frilled lizard.

Vanquished Creatures
  3 jackals (D:1)
  A kobold (D:1)
  A rat (D:1)
5 creatures vanquished.

Notes
Turn   | Place    | Note
-------+----------+-------------------------------------------
     0 | D:1      | Psyclone the Gnoll Conjurer began the quest for the Orb.
     0 | D:1      | Reached XP level 1. HP: 13/13 MP: 6/6
   111 | D:2      | Identified a scroll of acquirement
   111 | D:2      | Acquired the ring "Fararghai" {*Slow rPois Int+4 Dex+6}
   131 | D:2      | Slain by a giant cockroach

Illustrated notes

Levels and vault maps discovered:
D:1:      wander_arrival_fairy_ring, layout_basic, chequers_serial_rivers_room_a
D:2:      layout_loops_ring, shapermc_ecumenical_altar_venn, uniq_natasha

Action                   || total
-------------------------++-------
 Cast: Magic Dart        ||     6
  Use: Scroll            ||     1
Armor: Robe              ||     1
Dodge: Dodged            ||    20
